 Dungeon Crawl Stone Soup version 0.31-a0-846-gb3bcc0d938 (webtiles) character file.

Game seed: 15430906128511749153

102 BinkBink the Magician (level 4, 0/2 HPs)
             Began as a Deep Elf Fire Elementalist on Oct 4, 2023.
             Was a Follower of Jiyva.
             Slain by a goblin
             ... wielding a +0 dagger
              (2 damage)
             ... on level 4 of the Dungeon.
             The game lasted 00:05:15 (3084 turns).

BinkBink the Magician (Deep Elf Fire Elementalist)  Turns: 3084, Time: 00:05:15

Health: 0/2        AC:  0    Str:  5    XL:     4   Next: 49%
Magic:  11/12      EV: 12    Int: 22    God:    Jiyva [*.....]
Gold:   149        SH:  0    Dex: 15    Spells: 10/11 levels left

rFire   + . .        (no weapon)
rCold   . . .        (no shield)
rNeg    . . .        a - melded +0 robe
rPois   .            (no helmet)
rElec   .            (no cloak)
rCorr   .            (no gloves)
SInv    .            (no boots)
Will    .....        h - amulet of faith
Stlth   ++           d - ring of protection from fire
HPRegen 1.00/turn    (no ring)
MPRegen 0.38/turn

%: faith
@: maw-form
A: devouring maw, reduced hp
a: Begin Untransformation, Renounce Religion


You were on level 4 of the Dungeon.
You worshipped Jiyva.
Jiyva was aware of your devotion.
You were a creature with a mouth for a stomach.
You visited 1 branch of the dungeon, and saw 4 of its levels.

You collected 149 gold pieces.

Inventory:

Armour
 a - a +0 robe (melded)
 q - the +3 leather armour of Prudence {rElec rC- rN++ Str+3}
   (You found it on level 2 of the Dungeon)

   Str+3:     It affects your strength (+3).
   rC-:       It makes you vulnerable to cold.
   rElec:     It insulates you from electricity.
   rN++:      It greatly protects you from negative energy.
Jewellery
 d - a ring of protection from fire (left hand)
 h - an amulet of faith (around neck)
 t - an amulet of the acrobat
Talismans
 n - a maw talisman (active)
Scrolls
 c - a scroll of immolation {unknown}
 e - 4 scrolls of teleportation {unknown}
 f - a scroll of poison {unknown}
 i - a scroll of enchant armour {unknown}
 k - 2 scrolls of fear {unknown}
 l - 3 scrolls of identify {unknown}
 r - a scroll of vulnerability {unknown}
Potions
 b - a potion of magic
 g - 2 potions of curing
 j - a potion of resistance {unknown}
 m - a potion of cancellation {unknown}
 o - a potion of heal wounds {unknown}
 p - a potion of lignification {unknown}
 s - a potion of might {unknown}


   Skills:
 - Level 2.4 Dodging
 - Level 2.4 Stealth
 + Level 4.4 Spellcasting
 + Level 2.8 Conjurations
 + Level 4.2 Fire Magic
 + Level 0.8 Shapeshifting


You had 10 spell levels left.
You knew the following spells:

 Your Spells              Type           Power      Damage    Failure   Level
a - Foxfire               Conj/Fire      80%        2x1d8     2%          1

Your spell library contained the following spells:

 Spells                   Type           Power      Damage    Failure   Level
 Scorch                   Fire           46%        2d6       3%          2
 Slow                     Hex            16%        N/A       11%         1
 Inner Flame              Hex/Fire       14%        N/A       14%         3
 Volatile Blastmotes      Fire/Tloc      28%        2d12      14%         3
 Ensorcelled Hibernation  Hex/Ice        8%         N/A       16%         2
 Jinxbite                 Hex            8%         N/A       16%         2
 Flame Wave               Conj/Fire      20%        2d7       26%         4
 Confusing Touch          Hex            4%         N/A       32%         3
 Sigil of Binding         Hex            4%         N/A       32%         3
 Vampiric Draining        Necr           4%         2d6       32%         3
 Anguish                  Hex/Necr       2%         N/A       71%         4


Dungeon Overview and Level Annotations

Branches:
Dungeon (4/15)
 Temple: D:4-7

Altars:
Xom
Jiyva

Annotations:
D:3 Ijyb


Message History

You conjure some foxfire!
The foxfire hits the orc.
You kill the orc!
The foxfire hits the orc.
The orc is severely wounded.
An orc comes into view. It is wielding a +0 flail.
You conjure some foxfire!
The foxfire hits the orc.
You kill the orc!
You conjure some foxfire!
The foxfire hits the orc.
The orc is heavily wounded.
Your foxfire dissipates!
The foxfire hits the orc.
You kill the orc!
Your foxfire dissipates! x2
Your foxfire dissipates!
You hear a distant slurping noise.
You now have 149 gold pieces (gained 8).
You hear a distant slurping noise.
You hear a distant slurping noise.
You hear a distant slurping noise. x2
You hear a distant slurping noise.
You hear a distant slurping noise.
Jiyva says: Divide and consume!
You hear a distant slurping noise.
You hear a distant slurping noise.
You hear a distant slurping noise. x2
You hear a distant slurping noise.
You open the door.
There is an open door here.
You open the door. 2 hobgoblins and 2 goblins come into view.
The goblin shouts!
The hobgoblin shouts! x2; The goblin shouts!
You hear a distant slurping noise.
You hear a shout!
You conjure some foxfire!
You hear a shout!
Your foxfire dissipates!
The foxfire hits the hobgoblin.
The hobgoblin is moderately wounded.
The goblin hits you with a +0 dagger.
Ouch! That really hurt!
You die...

### #<# ..#
#.#####
#)###.....##
#)##..###..#
#)##.##
##.###
#)...#
#...##
#).###
+####..#
##.##.#...#
##.#
#..'W.ggg.+
#.#
#..##g#...#
##.# #...###
+####..#
#.[...#
#...##
##.##.##
##.###
#.##..###..#
..###.....##
#### ###.###
#.#


You could see 2 hobgoblins and 2 goblins.

Vanquished Creatures
  3 adders (D:2)
  5 orcs (D:4)
  3 endoplasms
  5 giant cockroaches
  8 goblins
  7 hobgoblins
  7 jackals
  3 kobolds
  2 quokkas
  4 ball pythons
  7 bats
  3 frilled lizards
  4 rats
61 creatures vanquished.

Vanquished Creatures (collateral kills)
  A foxfire (D:1)
1 creature vanquished.

Vanquished Creatures (others)
  2 adders (D:4)
  An orc (D:4)
  A ball python (D:4)
  A goblin (D:4)
  2 kobolds (D:4)
  186 foxfires
193 creatures vanquished.

Grand Total: 255 creatures vanquished

Notes
Turn   | Place    | Note
-------+----------+-------------------------------------------
     0 | D:1      | BinkBink the Deep Elf Fire Elementalist began the quest for
                  | the Orb.
     0 | D:1      | Reached XP level 1. HP: 10/10 MP: 6/6
   335 | D:1      | Reached XP level 2. HP: 15/15 MP: 2/8
  1371 | D:2      | Reached XP level 3. HP: 19/19 MP: 5/10
  1690 | D:2      | Reached XP level 4. HP: 2/24 MP: 8/12
  1964 | D:2      | Found a shimmering altar of Xom.
  1987 | D:2      | Identified the +3 leather armour of Prudence {rElec rC-
                  | rN++ Str+3}
  2831 | D:3      | Found a faded altar of an unknown god.
  2898 | D:3      | Prayed at the altar of an unknown god.
  2898 | D:3      | Became a worshipper of Jiyva Jiunuzua the Shapeless
  2898 | D:3      | Reached * piety under Jiyva
  2959 | D:3      | Noticed Ijyb
  3084 | D:4      | Slain by a goblin

Illustrated notes

Levels and vault maps discovered:
D:1:      dpeg_arrival_shelter, layout_loops_corners, serial_forest,
          infiniplex_forest_clump_small, infiniplex_forest_lined_2,
          infiniplex_forest_lined_corner, infiniplex_forest_clump_small,
          infiniplex_forest_clump_medium, infiniplex_forest_clump_C,
          infiniplex_forest_clump_tiny, infiniplex_forest_lined_room_2
D:2:      layout_basic, basic_altar
D:3:      layout_basic, shapermc_ecumenical_altar_flowoftime, minivault_26,
          uniq_ijyb
D:4:      cheibrodos_greedy_goblins, layout_loops_ring, kennysheep_small_spiral,
          nicolae_wooded_promenade

Skill      XL: |  1  2  3 |
---------------+----------+-----
Conjurations   | 2 |  2.8
Spellcasting   | 4 |  4.4
Fire Magic     | 4 |  4.2
Dodging        | |  2.4
Stealth        | |  2.4
Shapeshifting  | |  0.8

Action                     |  1- 3 |  4- 6 || total
---------------------------+-------+-------++-------
  Melee: Unarmed           |       |     5 ||     5
         Maw               |       |     4 ||     4
   Cast: Foxfire           |    64 |    54 ||   118
    Use: Potion            |     1 |       ||     1
 Armour: Robe              |    19 |       ||    19
         Skin              |       |     2 ||     2
  Dodge: Dodged            |    21 |       ||    21
   Form: Maw               |     1 |       ||     1

Table legend: (Time is in decaauts)
 A = Elapsed time spent in this place.
 B = Non-inter-level travel time spent in this place.
 C = Inter-level travel time spent in this place.
 D = Time resting spent in this place.
 E = Time spent auto-exploring this place.
 F = Levels seen in this place.
 G = Mean time per level.
                   A        B        C        D        E       F      G
               +--------+--------+--------+--------+--------+-----+--------+
         Total |   3083 |   3022 |     61 |      0 |   2622 |   4 |  770.8 |
       Dungeon |   3083 |   3022 |     61 |      0 |   2622 |   4 |  770.8 |
               +--------+--------+--------+--------+--------+-----+--------+

Top non-repeatable levels by time:
     D:1: 1439 daAuts
     D:3: 886 daAuts
     D:2: 661 daAuts
     D:4: 96 daAuts
